 Dungeon Crawl Stone Soup version 0.27.0-1-g7a089689b8 (webtiles) character file.

Game seed: 4295395106497000824

6 Spectrina the Ducker (level 1, -5/13 HPs)
             Began as a Deep Elf Monk on Aug 8, 2021.
             Was a Believer of Kikubaaqudgha.
             Slain by a gnoll (7 damage)
             ... on level 3 of the Dungeon.
             The game lasted 00:01:52 (180 turns).

Spectrina the Ducker (Deep Elf Monk)                 Turns: 180, Time: 00:01:54

Health: -5/13      AC:  2    Str:  8    XL:     1   Next: 75%
Magic:  4/4        EV: 13    Int: 14    God:    Kikubaaqudgha [**....]
Gold:   18         SH:  0    Dex: 17    Spells: 2/2 levels left

rFire    . . .     SeeInvis .   a - +0 short sword
rCold    . . .     Faith    .   (no shield)
rNeg     . . .     Spirit   .   f - +0 robe
rPois    .         Reflect  .   (no helmet)
rElec    .         Harm     .   (no cloak)
rCorr    .         Rampage  .   (no gloves)
Will     .....                  (no boots)
Stlth    ++........             (no amulet)
HPRegen  0.04/turn              (no ring)
MPRegen  0.09/turn              (no ring)

@: no status effects
A: no striking features
a: Renounce Religion, Receive Corpses


You were on level 3 of the Dungeon.
You worshipped Kikubaaqudgha.
Kikubaaqudgha was pleased with you.
You visited 1 branch of the dungeon, and saw 3 of its levels.

You collected 18 gold pieces.

Inventory:

Hand Weapons
 a - a +0 short sword (weapon)
 b - a +0 dagger
Missiles
 c - 18 stones (quivered)
Armour
 f - a +0 robe (worn)
Scrolls
 d - a scroll of magic mapping {unknown}
 h - a scroll of teleportation {unknown}
Potions
 e - a potion of degeneration {unknown}
 g - 2 potions of heal wounds {unknown}
 i - 2 potions of might {unknown}


   Skills:
 - Level 2.4 Fighting
 - Level 3.0 Short Blades
 - Level 3.6 Dodging
 - Level 2.4 Stealth
 + Level 1.4 Spellcasting
 + Level 0.8 Invocations


You had 2 spell levels left.
You didn't know any spells.
Your spell library contained the following spells:

 Spells                   Type           Power      Damage    Failure   Level
 Animate Skeleton         Necr           0%         N/A       26%         1
 Pain                     Necr           0%         1d4       26%         1
 Sublimation of Blood     Necr           0%         N/A       36%         2
 Vampiric Draining        Necr           0%         2d6       58%         3


Dungeon Overview and Level Annotations

Branches:
Dungeon (3/15)

Altars:
Kikubaaqudgha


Message History

g - 2 grey potions
There is a stone staircase leading up here.
h - a scroll labelled PUTHRIG CEDOPP
There is a stone staircase leading up here.
Found 2 orange potions.
Things that are here:
a +0 club; an orc corpse
i - 2 orange potions You open the door.
An endoplasm comes into view.
Found a faded altar of an unknown god.
There is an open door here.
The helpless endoplasm fails to defend itself.
You puncture the endoplasm!
You kill the endoplasm!
There is a faded altar of an unknown god here.
You cannot tell which god this altar belongs to.
Convert to them anyway?
Kikubaaqudgha accepts your prayer! Kikubaaqudgha welcomes you!
You can now receive cadavers from Kikubaaqudgha.
Kikubaaqudgha grants you a gift!
You add the spells Pain, Sublimation of Blood, Animate Skeleton and Vampiric Draining to your library.
Kikubaaqudgha is now protecting you from necromantic miscasts and death curses.
You open the door.
There is an open door here.
Okay, then.
Unknown command.
Unknown command. 2 gnolls come into view.
The gnoll shouts! x2
The gnoll moves out of view.
A gnoll comes into view. It is wielding a +2 spear of freezing.
The gnoll hits you with a +0 whip.
You closely miss the gnoll. The gnoll hits you with a +0 whip!
Ouch! That really hurt!
* * * LOW HITPOINT WARNING * * *
You hit the gnoll but do no damage. The gnoll hits you with a +0 whip!
Ouch! That really hurt!
You die...
Kikubaaqudgha rasps: "You have failed me!
Welcome... death!"

######.##
#..@ggg.#
#.####..# #.# #
#.# #.# #.#
##.##
#######...##
#..........###..


You could see 3 gnolls.

Vanquished Creatures
  An orc (D:3)
  A bat (D:1)
  2 endoplasms
4 creatures vanquished.

Notes
Turn   | Place    | Note
-------+----------+-------------------------------------------
     0 | D:1      | Spectrina the Deep Elf Monk began the quest for the Orb.
     0 | D:1      | Reached XP level 1. HP: 13/13 MP: 3/3
    90 | D:2      | Reached skill level 1 in Spellcasting
   143 | D:3      | Found a faded altar of an unknown god.
   150 | D:3      | Became a worshipper of Kikubaaqudgha
   150 | D:3      | Reached * piety under Kikubaaqudgha
   150 | D:3      | Received a gift from Kikubaaqudgha
   150 | D:3      | Reached ** piety under Kikubaaqudgha
   180 | D:3      | Slain by a gnoll

Illustrated notes

Levels and vault maps discovered:
D:1:      lemuel_arrival_hallway, layout_loops_cross
D:2:      layout_loops_corners, corexii_item_surrounded_by_moat, uniq_jessica
D:3:      layout_loops_ring, hellmonk_ecumenical_altar_slurped_away

Skill      XL: |  1 |
---------------+----+-----
Spellcasting   | 1 |  1.4
Fighting       | |  2.4
Short Blades   | |  3.0
Dodging        | |  3.6
Stealth        | |  2.4
Invocations    | |  0.8

Action                   || total
-------------------------++-------
Melee: Short sword       ||     6
 Stab: Sleeping          ||     3
Dodge: Dodged            ||     2
